 Dungeon Crawl Stone Soup version 0.27-a0-808-g60bc5d92e6 (webtiles) character file.

Game seed: 1521755096811454806

220 funkygono the Magician (level 5, -11/35 HPs)
             Began as a Djinni Fire Elementalist on Mar 28, 2021.
             Mangled by a gnoll
             ... wielding a +0 halberd
              (19 damage)
             ... on level 3 of the Dungeon.
             The game lasted 00:05:19 (3413 turns).

funkygono the Magician (Djinni Fire Elementalist)   Turns: 3413, Time: 00:05:20

Health: -11/35     AC:  2    Str:  7    XL:     5   Next: 97%
Gold:   185        EV: 12    Int: 24    God:
                   SH:  0    Dex: 13

rFire    + + .     SeeInvis .   b - +0 dagger (spect)
rCold    x . .     Faith    .   (no shield)
rNeg     . . .     Spirit   .   a - +0 robe
rPois    ∞         Reflect  .   (no helmet)
rElec    .         Harm     +   e - scarf {harm}
rCorr    .         Rampage  .   (no gloves)
Will     +....                  (boots unavailable)
Stlth    ++........             (no amulet)
HPRegen  0.11/turn              g - +6 ring of intelligence
MPRegen  0.00/turn              o - ring of willpower

@: flying
A: fire resistance 2, cold vulnerability 1, float, innate caster, hp casting,
extra vitality 1
a: no special abilities


You were on level 3 of the Dungeon.
You visited 1 branch of the dungeon, and saw 3 of its levels.

You collected 185 gold pieces.

Inventory:

Hand Weapons
 b - a +0 spectral dagger (weapon)
 m - a +1 dagger of venom
Armour
 a - a +0 robe (worn)
 e - a scarf of harm (worn)
Jewellery
 g - a +6 ring of intelligence (left hand)
 o - a ring of willpower (right hand)
Scrolls
 c - a scroll of magic mapping
 i - a scroll of torment
 n - a scroll of amnesia {unknown}
Potions
 d - a potion of haste {unknown}
 f - 2 potions of curing
 h - a potion of attraction {unknown}
 j - 2 potions of degeneration {unknown}
 k - a potion of lignification {unknown}
 l - 3 potions of heal wounds {unknown}
 p - a potion of magic {unknown}


   Skills:
 + Level 2.3 Dodging
 - Level 1.5 Stealth
 * Level 5.4 Spellcasting


You couldn't memorise any spells.
You knew the following spells:

 Your Spells              Type           Power      Damage    Failure   Level
a - Foxfire               Conj/Fire      100%       2x1d9     1%          1
b - Conjure Flame         Conj/Fire      32%        6-21      2%          3
c - Inner Flame           Hex/Fire       32%        N/A       2%          3
d - Sticky Flame          Conj/Fire      32%        2d5       9%          4
e - Fireball              Conj/Fire      16%        3d8       26%         5
f - Animate Skeleton      Necr           64%        N/A       1%          1
g - Slow                  Hex            32%        N/A       1%          2
Your spell library was empty.

Dungeon Overview and Level Annotations

Branches:
Dungeon (3/15)

Altars:
Fedhas


Innate Abilities, Weirdness & Mutations

You are immune to poison.
Your flesh is very heat resistant. (rF++)
You are vulnerable to cold. (rC-)
You float through the air rather than walking.
You learn spells naturally, not from books.
Your magical power is your life essence.
You have superior vitality. (+4 HP)


Message History

A kobold is wielding a +0 dagger and quivering poisoned darts.
The kobold shouts!
The gnoll shouts!
The hobgoblin shouts!
The gnoll shouts!
The hobgoblin shouts!
The kobold shouts!
The hobgoblin shouts!
The gnoll misses you.
Found 90 gold pieces.
Items here: )) ††.
The kobold hits you with a +0 dagger.
Casting: Foxfire (safe; 1% risk of failure)
Confirm with . or Enter, or press ? or * to list all spells.
You conjure some foxfire!
The kobold closely misses you.
The gnoll hits you from afar with a +0 halberd!
Casting: Foxfire (safe; 1% risk of failure)
Confirm with . or Enter, or press ? or * to list all spells.
You conjure some foxfire!
The foxfire hits the hobgoblin.
The hobgoblin is moderately wounded.
The foxfire hits the kobold but does no damage.
The kobold hits you with a +0 dagger. The gnoll closely misses you.
The hobgoblin misses you.
The foxfire hits the hobgoblin.
The hobgoblin is heavily wounded.
The foxfire hits the kobold.
You kill the kobold!
The hobgoblin closely misses you.
Casting: Foxfire (safe; 1% risk of failure)
Confirm with . or Enter, or press ? or * to list all spells.
You conjure some foxfire!
The hobgoblin hits you.
* * * LOW HITPOINT WARNING * * *
The hobgoblin misses you.
The foxfire hits the hobgoblin.
The hobgoblin is moderately wounded.
The foxfire hits the hobgoblin.
You kill the hobgoblin!
There is an open door here.
Casting: Foxfire (safe; 1% risk of failure)
Confirm with . or Enter, or press ? or * to list all spells.
You conjure some foxfire!
* * * LOW HITPOINT WARNING * * *
The gnoll hits you from afar with a +0 halberd!
Ouch! That really hurt!
You die...

.≈≈≈≈≈≈≈≈≈≈≈≈≈≈≈≈≈≈≈≈≈≈≈≈≈
..≈≈≈≈≈≈≈≈≈≈≈≈≈≈≈≈≈≈≈≈≈≈≈
..≈≈≈≈≈≈≈≈≈≈≈≈≈≈≈≈≈≈≈≈≈≈≈ #####
###########################...#
.#.......#.....## ##......#...#
.#......))......###.......#...#
.#########)......#........##)#
..#........)...v.#g.....).)..#
..'.......))...v@gK..gK...)..#
..#..............#.g.....)(..#
.#########.......#........##'#
.#....)))'......###.......#$$$#
.#....)..#.....## ##......#$$K#
################ ########g$$#
#####


You could see 2 gnolls, 2 hobgoblins and 2 kobolds.

Vanquished Creatures
  Terence (D:3)
  6 gnolls (D:3)
  3 adders
  2 worms
  A dart slug (D:2)
  4 bats
  3 endoplasms
  4 giant cockroaches
  6 hobgoblins
  7 jackals
  5 quokkas
  5 ball pythons
  A frilled lizard (D:1)
  8 goblins
  36 kobolds
  2 rats
94 creatures vanquished.

Vanquished Creatures (collateral kills)
  A gnoll (D:3)
  A kobold (D:3)
2 creatures vanquished.

Vanquished Creatures (others)
  230 foxfires
230 creatures vanquished.

Grand Total: 326 creatures vanquished

Notes
Turn   | Place    | Note
-------+----------+-------------------------------------------
     0 | D:1      | funkygono the Djinni Fire Elementalist began the quest for
                  | the Orb.
     0 | D:1      | Reached XP level 1. HP: 15/15 MP: 0/0
   108 | D:1      | Reached skill level 3 in Spellcasting
   115 | D:1      | Reached XP level 2. HP: 6/21 MP: 0/0
   765 | D:1      | Reached XP level 3. HP: 23/25 MP: 0/0
   765 | D:1      | Learned a level 1 spell: Animate Skeleton
  1438 | D:2      | Reached skill level 4 in Spellcasting
  1584 | D:2      | Reached XP level 4. HP: 30/31 MP: 0/0
  1636 | D:2      | Found a blossoming altar of Fedhas.
  2217 | D:3      | Noticed Terence
  2223 | D:3      | Killed Terence
  2562 | D:3      | Reached XP level 5. HP: 16/35 MP: 0/0
  2562 | D:3      | Learned a level 2 spell: Slow
  2917 | D:3      | Reached skill level 5 in Spellcasting
  3413 | D:3      | Mangled by a gnoll

Illustrated notes

Levels and vault maps discovered:
D:1:      dpeg_arrival_rooms_b, layout_loops_ring
D:2:      layout_basic, old_standard_altar, minmay_pentomino_v2
D:3:      minmay_goblin_kobold_castle, layout_rooms, uniq_terence, uniq_grinder

Skill      XL: |  1  2  3  4  5 |
---------------+----------------+-----
Spellcasting   | 3 4 5 |  5.4
Dodging        | |  2.3
Stealth        | |  1.5

Action                   |  1- 3 |  4- 6 || total
-------------------------+-------+-------++-------
 Cast: Foxfire           |    48 |    86 ||   134
       Animate Skeleton  |     1 |    11 ||    12
  Use: Scroll            |     4 |     2 ||     6
Armor: Robe              |     5 |       ||     5
Dodge: Dodged            |    14 |    12 ||    26

Table legend: (Time is in decaauts)
 A = Elapsed time spent in this place.
 B = Non-inter-level travel time spent in this place.
 C = Inter-level travel time spent in this place.
 D = Time resting spent in this place.
 E = Time spent auto-exploring this place.
 F = Levels seen in this place.
 G = Mean time per level.
                   A        B        C        D        E       F      G
               +--------+--------+--------+--------+--------+-----+--------+
         Total |   3411 |   3370 |     41 |    159 |   2752 |   3 | 1137.0 |
       Dungeon |   3411 |   3370 |     41 |    159 |   2752 |   3 | 1137.0 |
               +--------+--------+--------+--------+--------+-----+--------+

Top non-repeatable levels by time:
     D:3: 1490 daAuts
     D:1: 1183 daAuts
     D:2: 737 daAuts
